 Dungeon Crawl Stone Soup version 0.31-a0-1178-gc5c9b8f871 (webtiles) character file.

Game seed: 12011318799874269878

288 qw the Shooter (level 6, -1/58 HPs)
             Began as a Gargoyle Hunter on Dec 11, 2023.
             Slain by Robin
             ... wielding a +2 heavy spear
              (2 damage)
             ... on level 4 of the Dungeon.
             The game lasted 00:01:17 (2961 turns).

qw the Shooter (Gargoyle Hunter)                    Turns: 2961, Time: 00:01:18

Health: -1/58      AC: 23    Str: 15    XL:     6   Next: 31%
Magic:  6/6        EV:  2    Int:  9    God:
Gold:   159        SH:  0    Dex: 15    Spells: 5/5 levels left

rFire   + . .        l - +0 orcbow
rCold   . . .        (shield currently unavailable)
rNeg    + . .        k - melded +3 leather armour
rPois   inf          (helmet currently unavailable)
rElec   .            (cloak currently unavailable)
rCorr   .            (gloves currently unavailable)
SInv    .            (boots currently unavailable)
Will    .....        g - amulet of the acrobat
Stlth   ++           d - ring of protection from fire
HPRegen 0.29/turn    (no ring)
MPRegen 0.10/turn

%: acrobat
@: brilliant, tree-form, hasted, very quick
A: stationary, stasis, torment immunity, boosted hp, sickness immunity, AC +4,
negative energy resistance 1, (electricity resistance), torment resistance 1,
petrification resistance
a: no special abilities


You were on level 4 of the Dungeon.
You were a tree.
You visited 1 branch of the dungeon, and saw 4 of its levels.

You collected 159 gold pieces.


Innate Abilities, Weirdness & Mutations

You are a tree.
Your roots penetrate the ground, keeping you stationary.
You cannot be teleported.
You are immune to unholy pain and torment.
Your maximum health is greatly increased.
Your equipment is partially melded.
You are immune to sickness and miasma.
((Your stone body is resilient. (AC +4)))
You are immune to poison.
You resist negative energy. (rN+)
((You are resistant to electric shocks. (rElec)))
You are resistant to unholy torment.
You are immune to petrification.


   Skills:
 - Level 4.3 Fighting
 + Level 6.5 Ranged Weapons
 - Level 1.5 Dodging
 - Level 1.1 Stealth


You had 5 spell levels left.
You didn't know any spells.
Your spell library was empty.

Inventory:

Hand Weapons
 l - a +0 orcbow (weapon)
Armour
 k - a +3 leather armour (melded)
Jewellery
 a - a ring of fire
 d - a ring of protection from fire (left branch)
 g - an amulet of the acrobat (around neck)
Scrolls
 i - a scroll of fog {unknown}
Potions
 c - a potion of lignification
 e - a potion of curing
 j - a potion of heal wounds {unknown}

Dungeon Overview and Level Annotations

Branches:
Dungeon (4/15)
 Temple: D:4-7

Altars:
Dithmenos
Elyvilon
Xom
Yredelemnul

Annotations:
D:4 Robin


Message History

The goblin hits you but does no damage. x2; The goblin closely misses you.
You shoot an arrow. The arrow hits the hobgoblin!
You kill the hobgoblin!
Robin hits you but does no damage. The goblin hits you but does no damage.
The goblin hits you with a +0 dagger.
The goblin hits you but does no damage. x2
You shoot an arrow. The arrow closely misses the goblin.
The goblin hits you with a +0 dagger.
Robin roars a battlecry!
The goblins go into a battle-frenzy!
The goblin hits you but does no damage. The goblin barely misses you. x2
You shoot an arrow. The arrow closely misses the goblin.
The goblin hits you but does no damage. The goblin hits you with a +0 dagger.
The goblin hits you with a +0 club. The goblin hits you but does no damage.
2958 ||| DRINKING blue potion.
It was a potion of brilliance.
You feel clever all of a sudden.
The goblin no longer looks unusually strong.
The goblin barely misses you.
Robin laughs in a distinctly smug fashion.
Robin roars a battlecry!
The goblin goes into a battle-frenzy!
The goblin hits you but does no damage. x3
2959 ||| DRINKING 2 fuming cyan potions.
It was a potion of lignification.
You turn into a tree.
Your +3 leather armour melds into your body.
Your roots penetrate the ground.
The goblin no longer looks unusually strong.
The goblin hits you but does no damage. Robin hits you but does no damage.
The goblin hits you with a +0 dagger.
The goblin hits you but does no damage. x2
2960 ||| DRINKING brown potion.
It was a potion of magic.
Magic courses through your body. The goblin hits you with a +0 dagger.
The goblin hits you but does no damage. x2
The goblin barely misses you.
Robin roars a battlecry!
The goblin goes into a battle-frenzy!
2961 ||| DRINKING fizzy emerald potion.
It was a potion of haste.
You feel yourself speed up.
The goblin hits you but does no damage. x3; The goblin barely misses you.
Robin hits you from afar with a +2 heavy spear.
You die...
Robin lets out a smug laugh.

#...<..............
##.................
#.................
#...#.............
##...##............
#...###............
#...# ##......>....
#gg## ##..........
#g7# #..........
#g)# ##.(.......
#.g# ##........
#... ##....... ##..
##...... #...
###.... #... ###..
#).:# ### #


You could see Robin and 4 goblins.

Vanquished Creatures
  A jelly (D:4)
  2 hounds (D:4)
  A sleepcap (D:4)
  4 adders
  3 gnolls
  2 worms
  9 orcs (D:3)
  9 endoplasms
  5 giant cockroaches
  12 goblins
  11 hobgoblins
  3 jackals (D:2)
  2 quokkas
  8 ball pythons
  5 bats
  7 frilled lizards
  7 kobolds
  6 rats
97 creatures vanquished.

Notes
Turn   | Place    | Note
-------+----------+-------------------------------------------
     0 | D:1      | qw the Gargoyle Hunter began the quest for the Orb.
     0 | D:1      | Reached XP level 1. HP: 12/12 MP: 1/1
     0 | D:1      | 0 ||| qw: Version: 0.3-a-106-g2cfff9e
     0 | D:1      | 0 ||| qw: Game counter: 2010
     0 | D:1      | 0 ||| qw: Melee chars always use a shield: true
     0 | D:1      | 0 ||| qw: God list: Okawaru
     0 | D:1      | 0 ||| qw: Allow faded altars: false
     0 | D:1      | 0 ||| qw: Do Orc after clearing Dungeon:15 true
     0 | D:1      | 0 ||| qw: Do second Lair branch before Depths: true
     0 | D:1      | 0 ||| qw: Lair rune preference: random
     0 | D:1      | 0 ||| qw: Goals: Normal, Save, Zot:1-4, Win
     0 | D:1      | 0 ||| PLANNING D:1-11
   133 | D:1      | Reached XP level 2. HP: 17/17 MP: 2/2
   532 | D:1      | Reached XP level 3. HP: 21/21 MP: 3/3
   542 | D:1      | Reached skill level 5 in Ranged Weapons
   656 | D:1      | 656 ||| UPGRADING to ring of protection from fire.
   657 | D:1      | 657 ||| READING scroll labelled OSIOST PUNNA.
   658 | D:1      | 658 ||| READING scroll labelled DYKHIRCH DYMI.
   659 | D:1      | 659 ||| READING scroll labelled HUNYBY OG JIO.
   659 | D:1      | 659 ||| IDENTIFYING emerald potion
   660 | D:1      | 660 ||| DROPPING scroll of butterflies.
   692 | D:2      | 692 ||| STAIRDANCE
   703 | D:2      | 703 ||| STAIRDANCE
   716 | D:2      | Reached skill level 3 in Fighting
   716 | D:2      | 716 ||| STAIRDANCE
   759 | D:2      | Reached XP level 4. HP: 20/28 MP: 4/4
  1092 | D:2      | Found a white marble altar of Elyvilon.
  1594 | D:2      | 1594 ||| DROPPING scarf of shadows.
  1595 | D:2      | 1595 ||| UPGRADING to +3 leather armour.
  1605 | D:2      | 1605 ||| DROPPING +0 leather armour.
  1606 | D:2      | 1606 ||| READING 2 scrolls labelled NYUHOU DIREO.
  1607 | D:2      | 1607 ||| READING scroll labelled UMNOIM ZIFRU.
  1608 | D:2      | 1608 ||| DROPPING scroll of amnesia.
  1668 | D:3      | Found a shimmering altar of Xom.
  1671 | D:3      | Found a basalt altar of Yredelemnul.
  1676 | D:3      | Found a shadowy altar of Dithmenos.
  2001 | D:3      | Reached XP level 5. HP: 31/32 MP: 5/5
  2104 | D:3      | Reached skill level 6 in Ranged Weapons
  2249 | D:3      | 2249 ||| UPGRADING to amulet of the acrobat.
  2254 | D:3      | 2254 ||| READING scroll labelled OSEERU RAYST.
  2254 | D:3      | 2254 ||| ENCHANTING +0 shortbow.
  2704 | D:4      | 2704 ||| SWAPPING to +0 orcbow.
  2712 | D:4      | Reached XP level 6. HP: 38/39 MP: 6/6
  2738 | D:4      | 2738 ||| DROPPING +1 shortbow.
  2842 | D:4      | Identified the +1 kite shield of Pleasant Breezes {+Blink
                  | Str+7}
  2940 | D:4      | Noticed Robin
  2957 | D:4      | HP: 8/39 [goblin/+0 dagger[Robin] (5)]
  2957 | D:4      | HP: 3/39 [goblin/+0 club[Robin] (5)]
  2958 | D:4      | 2958 ||| DRINKING blue potion.
  2959 | D:4      | 2959 ||| DRINKING 2 fuming cyan potions.
  2960 | D:4      | 2960 ||| DRINKING brown potion.
  2960 | D:4      | HP: 1/58 [goblin/+0 dagger[Robin] (2)]
  2961 | D:4      | 2961 ||| DRINKING fizzy emerald potion.
  2961 | D:4      | Slain by Robin

Levels and vault maps discovered:
D:1:      mainiacjoe_arrival_reflecting_pool, layout_loops_cross
D:2:      layout_loops_corners, basic_altar
D:3:      layout_loops_ring, grunt_temple_overflow_diamond, minmay_distorted
D:4:      minmay_clustersquares, layout_layer_cave, uniq_robin

Skill      XL: |  1  2  3  4  5 |
---------------+----------------+-----
Ranged Weapons | 5 6 |  6.5
Fighting       | 3 4 |  4.3
Dodging        | |  1.5
Stealth        | |  1.1

Action                     |  1- 3 |  4- 6 || total
---------------------------+-------+-------++-------
   Fire: Shortbow          |   103 |   171 ||   274
         Orcbow            |       |    45 ||    45
    Use: Scroll            |     3 |     3 ||     6
         Potion            |       |     4 ||     4
 Armour: Leather armour    |    37 |    94 ||   131
         Skin              |       |    12 ||    12
  Dodge: Dodged            |    41 |    88 ||   129

Table legend:
 A = Non-vault XP
 B = Vault XP
 C = Vault XP percentage of total XP
 D = Non-vault monster count
 E = Vault monster count
 F = Vault count percentage of total count
                 A         B        C        D         E       F
            +---------+---------+-------+---------+---------+-------
      Total |     392 |      20 |   4.9 |      87 |      10 |  10.3
            +---------+---------+-------+---------+---------+-------
        D:1 |      56 |       0 |   0.0 |      30 |       0 |   0.0
        D:2 |      68 |       0 |   0.0 |      19 |       0 |   0.0
        D:3 |      66 |       6 |   8.3 |      24 |       3 |  11.1
        D:4 |     202 |      14 |   6.5 |      14 |       7 |  33.3
            +---------+---------+-------+---------+---------+-------
